 Dungeon Crawl Stone Soup version 0.29.0-4-gdea44cf6ec (webtiles) character file.

Game seed: 2065006709040123806

30061 qw the Cleaver (level 13, -14/101 HPs)
             Began as a Demonspawn Cinder Acolyte on Sept 9, 2022.
             Was a Priest of Okawaru.
             Demolished by Snorg (17 damage)
             ... on level 5 of the Lair of Beasts.
             The game lasted 00:04:39 (11754 turns).

qw the Cleaver (Demonspawn Cinder Acolyte)         Turns: 11754, Time: 00:04:40

Health: -14/101    AC: 21    Str: 25    XL:     13   Next: 18%
Magic:  16/16      EV: 10    Int: 15    God:    Okawaru [***...]
Gold:   839        SH: 14    Dex: 10    Spells: 14/14 levels left

rFire   . . .      SeeInvis .   Y - +0 broad axe (venom)
rCold   . . .      Faith    .   o - +2 kite shield
rNeg    . . .      Spirit   .   e - +3 chain mail {rF+}
rPois   .          Reflect  .   (no helmet)
rElec   .          Harm     .   (no cloak)
rCorr   .          Rampage  .   h - +0 pair of gloves
Will    +....                   s - +0 pair of boots
Stlth   ..........              l - amulet of regeneration
HPRegen 1.06/turn               v - ring of willpower
MPRegen 0.15/turn               m - +6 ring of strength

@: lethally poisoned (-14 -> -15), about to teleport, heroic, fire susceptible
A: claws 2, thin metallic scales 2, spiny 3, demonic magic 1
a: Renounce Religion, Heroism


You were on level 5 of the Lair of Beasts.
You worshipped Okawaru.
Okawaru was most pleased with you.
You visited 3 branches of the dungeon, and saw 15 of its levels.

You collected 938 gold pieces.
You spent 99 gold pieces at shops.


Innate Abilities, Weirdness & Mutations

You have very sharp fingernails.
You are mostly covered in thin metallic scales. (AC +3)
You are completely covered in sharp spines.
Spells you cast may paralyse adjacent enemies.


   Skills:
 + Level 9.4(14.4) Fighting
 - Level 14.0(19.0) Axes
 - Level 5.0(10.0) Throwing
 - Level 6.0(11.0) Armour
 - Level 3.5(8.5) Dodging
 - Level 9.7(14.7) Shields
 - Level 1.0 Spellcasting
 - Level 2.6 Fire Magic
 - Level 4.0 Invocations


You had 14 spell levels left.
You didn't know any spells.
Your spell library contained the following spells:

 Spells                   Type           Power      Damage    Failure   Level
 Scorch                   Fire           16%        2d5       71%         2

Inventory:

Hand Weapons
 a - a -1 hand axe of flaming
 Y - a +0 broad axe of venom (weapon)
Armour
 e - a +3 chain mail of fire resistance (worn)
 h - a +0 pair of gloves (worn)
 o - a +2 kite shield (worn)
 r - a +0 plate armour
 s - a +0 pair of boots (worn)
Jewellery
 b - a ring of ice
 f - a ring of fire
 l - an amulet of regeneration (around neck)
 m - a +6 ring of strength (right hand)
 u - a ring of resist corrosion
 v - a ring of willpower (left hand)
Scrolls
 n - 3 scrolls of identify
 q - 3 scrolls of teleportation
Potions
 c - 2 potions of mutation
 d - 2 potions of might
 g - 5 potions of heal wounds
 i - 8 potions of curing
 j - a potion of magic

Dungeon Overview and Level Annotations

Branches:
Dungeon (10/15)            Temple (1/1) D:6            Lair (3/5) D:10
  Snake (0/4) Lair:2          Orc (0/2) D:10
  Swamp: Lair:2-3    Shoals: Lair:2-3

Altars:
Ashenzari
Dithmenos
Gozag
Hepliaklqana
Kikubaaqudgha
Makhleb
Okawaru
Qazlal
Ru
Sif Muna
Trog
Uskayaw
Vehumet
Wu Jian
Yredelemnul

Shops:
D:4 *

Annotations:
D:6 1 runed translucent door, Crazy Yiuf
D:8 2 runed translucent doors
D:9 2 transporters, qw's ghost, novice MiFi
Lair:5 Snorg


Message History

The elephant trunk-slaps you but does no damage.
The water moccasin is struck by your spines.
The water moccasin bites you but does no damage.
11750 ||| SWAPPING to +0 broad axe of venom.
Your -1 hand axe of flaming stops flaming.
Your +0 broad axe of venom begins to drip with poison!
Y - a +0 broad axe of venom (weapon)
You feel sick. You block the cane toad's attack.
The water moccasin barely misses you.
You slash the cane toad!
The cane toad is poisoned.
The cane toad is severely wounded.
You slice the water moccasin!!
You kill the water moccasin!
Okawaru accepts your kill.
You hit the elephant.
The elephant is poisoned.
You hit Snorg.
You feel sick.
Snorg goes berserk!
The elephant barely misses you. x2
You block the cane toad's attack.
You hit the cane toad but do no damage.
The cane toad is severely wounded.
You slice Snorg!!
Snorg is poisoned.
You completely miss the elephant. Snorg bites you but does no damage.
Snorg barely misses you. Snorg claws you!
The elephant tramples you but does no damage.
The elephant trunk-slaps you but does no damage.
The cane toad misses you.
You slash the cane toad!
You kill the cane toad!
Okawaru accepts your kill.
You slash the elephant!
The elephant looks as sick as possible!
You slash Snorg!
Snorg looks as sick as possible!
You feel sick. Snorg is struck by your spines. Snorg bites you!
Snorg closely misses you. Snorg claws you but does no damage.
The elephant tramples you!
You hold your ground!
You block the elephant's attack.
11754 ||| READING 4 scrolls of teleportation.
As you read the scroll of teleportation, it crumbles to dust.
You feel strangely unstable.
You feel sick. Snorg bites you!! You block Snorg's attack. x2
Snorg is struck by your spines. Snorg bites you but does no damage.
You block Snorg's attack. Snorg claws you!
You die...

##..........##
##.........##
#..........
#P.........
##.........
#.........
##........
#........
#@Y......
#.T......
.........
###.......
.......
.......
.......
...$...


You could see Snorg (berserk, extremely poisoned) and an elephant (extremely
poisoned).

Vanquished Creatures
  3 hydras
  A boulder beetle (D:10)
  3 two-headed ogres
  3 centaur warriors
  Erica (D:8)
  Sonja (Lair:1)
  Pikel (D:5)
  10 elephants
  A manticore (D:10)
  3 ugly things (D:10)
  A black mamba (Lair:3)
  A rime drake (Lair:3)
  5 cane toads
  A kobold demonologist (D:10)
  An efreet (D:10)
  7 komodo dragons
  A troll (D:10)
  A meliai (D:10)
  3 tyrant leeches (Lair:3)
  Prince Ribbit (D:7)
  2 hornets
  Sigmund (D:5)
  A shadow (D:9)
  A wraith (D:10)
  22 yaks
  2 wyverns
  A vampire (D:9)
  10 fire elementals
  2 basilisks
  2 steam dragons (D:8)
  2 swamp worms (Lair:3)
  Edmund (D:5)
  3 nagas (Lair:2)
  8 water moccasins
  An ice beast (D:3)
  7 orc warriors
  A sky beast (D:6)
  6 wolves (Lair:3)
  An ogre (D:7)
  A centaur (D:9)
  A lemure (D:5)
  A kobold brigand (D:9)
  3 phantoms
  4 gnoll sergeants
  11 bullfrogs
  2 necrophages
  4 scorpions
  12 wights
  19 killer bees
  4 howler monkeys
  An electric eel (Lair:1)
  8 orc priests
  Ijyb (D:3)
  4 iguanas
  10 orc wizards
  21 gnolls
  2 adders
  A white imp (D:5)
  2 worms (D:3)
  4 dart slugs
  39 orcs
  4 endoplasms
  A giant cockroach (D:1)
  6 goblins
  11 hobgoblins
  3 jackals (D:3)
  2 quokkas
  5 ball pythons
  5 bats
  2 frilled lizards
  10 kobolds
  9 rats
336 creatures vanquished.

Vanquished Creatures (others)
  17 fungi
  41 plants
58 creatures vanquished.

Grand Total: 394 creatures vanquished

Notes
Turn   | Place    | Note
-------+----------+-------------------------------------------
     0 | D:1      | qw the Demonspawn Cinder Acolyte began the quest for the
                  | Orb.
     0 | D:1      | Reached XP level 1. HP: 18/18 MP: 2/2
     0 | D:1      | 0 ||| qw: Version: 0.1-a-113-g051387a
     0 | D:1      | 0 ||| qw: Game counter: 7153
     0 | D:1      | 0 ||| qw: Always use a shield: true
     0 | D:1      | 0 ||| qw: God list: Okawaru
     0 | D:1      | 0 ||| qw: Allow faded altars: false
     0 | D:1      | 0 ||| qw: Do Orc after D:15 true
     0 | D:1      | 0 ||| qw: Do second Lair branch before Depths: true
     0 | D:1      | 0 ||| qw: Lair rune preference: random
     0 | D:1      | 0 ||| qw: Plans: Normal
     0 | D:1      | 0 ||| PLANNING D:1-11
   165 | D:1      | Reached skill level 3 in Axes
   227 | D:1      | Gained mutation: You are partially covered in sharp spines.
                  | [demonic ancestry]
   227 | D:1      | Reached XP level 2. HP: 17/24 MP: 3/3
   576 | D:1      | 576 ||| INVOKING Fiery Armour.
   754 | D:1      | 754 ||| SWAPPING to +0 war axe.
   905 | D:1      | 905 ||| Stepping ~*~*~tactically~*~*~ (stealth).
   906 | D:1      | 906 ||| Stepping ~*~*~tactically~*~*~ (stealth).
   928 | D:1      | Found a faded altar of an unknown god.
   986 | D:1      | You fall into a shaft and drop 1 floor!
  1157 | D:2      | 1157 ||| UPGRADING to +0 ring mail.
  1167 | D:2      | 1167 ||| DROPPING +0 robe.
  1168 | D:2      | 1168 ||| UPGRADING to amulet of regeneration.
  1173 | D:2      | 1173 ||| READING scroll labelled EMEEKIEHEN.
  1174 | D:2      | 1174 ||| READING scroll labelled YNNAKHU APPY.
  1274 | D:1      | Gained mutation: You have sharp fingernails. [demonic
                  | ancestry]
  1274 | D:1      | Reached XP level 3. HP: 29/29 MP: 4/4
  1461 | D:1      | 1461 ||| UPGRADING to +0 scale mail.
  1471 | D:1      | 1471 ||| DROPPING +0 ring mail.
  1599 | D:2      | Reached skill level 4 in Axes
  1733 | D:2      | 1733 ||| Stepping ~*~*~tactically~*~*~ (stealth).
  1734 | D:2      | 1734 ||| Stepping ~*~*~tactically~*~*~ (stealth).
  1738 | D:2      | 1738 ||| Stepping ~*~*~tactically~*~*~ (hiding).
  1746 | D:2      | Reached skill level 1 in Armour
  1915 | D:2      | 1915 ||| READING scroll labelled NAILAY NILIDI.
  1916 | D:2      | 1916 ||| READING scroll labelled WEAZAD VUOSEF.
  1917 | D:2      | 1917 ||| READING scroll labelled OSEWKE SEDWUPS.
  1918 | D:2      | 1918 ||| DRINKING 2 white potions.
  1948 | D:2      | 1948 ||| DRINKING 2 bubbling pink potions.
  1949 | D:2      | 1949 ||| DRINKING 3 fuming emerald potions.
  1950 | D:2      | 1950 ||| DROPPING potion of lignification.
  1977 | D:3      | 1977 ||| Stepping ~*~*~tactically~*~*~ (stealth).
  1979 | D:3      | 1979 ||| Stepping ~*~*~tactically~*~*~ (stealth).
  1989 | D:3      | Noticed an ice beast
  1990 | D:3      | 1990 ||| INVOKING Fiery Armour.
  1995 | D:3      | Gained mutation: Spells you cast may paralyse adjacent
                  | enemies. [demonic ancestry]
  1995 | D:3      | Reached XP level 4. HP: 35/35 MP: 5/5
  2001 | D:3      | Killed an ice beast
  2002 | D:3      | Reached skill level 5 in Axes
  2002 | D:3      | Gained mutation: You have very sharp fingernails. [demonic
                  | ancestry]
  2002 | D:3      | Reached XP level 5. HP: 25/41 MP: 6/6
  2286 | D:3      | Reached skill level 1 in Dodging
  2359 | D:3      | 2359 ||| Stepping ~*~*~tactically~*~*~ (stealth).
  2465 | D:3      | Found an ornate altar of the Wu Jian Council.
  2478 | D:3      | Noticed Ijyb
  2484 | D:3      | HP: 6/41 [Ijyb/+0 club (6)]
  2485 | D:3      | 2485 ||| DRINKING potion of heal wounds.
  2486 | D:3      | Killed Ijyb
  2629 | D:3      | 2629 ||| Stepping ~*~*~tactically~*~*~ (hiding).
  2637 | D:3      | Reached skill level 1 in Throwing
  2814 | D:3      | 2814 ||| UPGRADING to +0 chain mail.
  2824 | D:3      | 2824 ||| DROPPING +0 scale mail.
  2825 | D:3      | 2825 ||| READING scroll labelled XOEG OHOCOI.
  2826 | D:3      | 2826 ||| READING 3 scrolls labelled FEROMA UGEYCK.
  2827 | D:3      | 2827 ||| READING scroll labelled APE ZUOQOAT.
  2828 | D:3      | 2828 ||| READING scroll labelled NINNABR XUUNOC.
  2849 | D:3      | 2849 ||| DRINKING 2 grey potions.
  2850 | D:3      | 2850 ||| READING 2 scrolls of identify.
  2850 | D:3      | 2850 ||| IDENTIFYING viscous yellow potion
  2851 | D:3      | 2851 ||| DROPPING potion of flight.
  2893 | D:4      | Gained mutation: You are mostly covered in sharp spines.
                  | [demonic ancestry]
  2893 | D:4      | Reached XP level 6. HP: 47/47 MP: 7/7
  2902 | D:4      | Found Ycael's Assorted Antiques.
  2907 | D:4      | 2907 ||| BUYING potion of curing (99 gold).
  2907 | D:4      | Bought a potion of curing for 99 gold pieces
  2907 | D:4      | 2907 ||| SHOPLISTING potion of heal wounds (165 gold, have
                  | 4).
  2907 | D:4      | 2907 ||| SHOPLISTING scroll labelled VEASME JIKAZOTT (33
                  | gold, have 4).
  2936 | D:4      | Reached skill level 6 in Axes
  2994 | D:4      | 2994 ||| INVOKING Fiery Armour.
  3160 | D:4      | Reached XP level 7. HP: 52/52 MP: 8/8
  3297 | D:4      | 3297 ||| READING 2 scrolls labelled QANITA APHU.
  3298 | D:4      | 3298 ||| READING scroll labelled TOVOXEMO KAIM.
  3299 | D:4      | 3299 ||| READING scroll labelled MUKLIU FIFIS.
  3300 | D:4      | 3300 ||| READING 2 scrolls of identify.
  3300 | D:4      | 3300 ||| IDENTIFYING puce potion
  3301 | D:4      | 3301 ||| DROPPING scroll of immolation.
  3302 | D:4      | 3302 ||| DROPPING potion of invisibility.
  3312 | D:5      | Entered Level 5 of the Dungeon
  3357 | D:5      | 3357 ||| FLEEEEING.
  3628 | D:5      | 3628 ||| Stepping ~*~*~tactically~*~*~ (hiding).
  3746 | D:5      | 3746 ||| INVOKING Fiery Armour.
  3751 | D:5      | Noticed Pikel
  3754 | D:5      | Reached skill level 7 in Axes
  3761 | D:5      | Killed Pikel
  3762 | D:5      | Reached XP level 8. HP: 37/60 MP: 9/9
  3894 | D:5      | Noticed Sigmund
  3895 | D:5      | 3895 ||| Stepping ~*~*~tactically~*~*~ (hiding).
  3896 | D:5      | 3896 ||| Stepping ~*~*~tactically~*~*~ (hiding).
  3902 | D:5      | Killed Sigmund
  3903 | D:5      | Reached skill level 8 in Axes
  4087 | D:5      | Noticed Edmund
  4094 | D:5      | Killed Edmund
  4233 | D:5      | 4233 ||| UPGRADING to +0 buckler.
  4238 | D:5      | 4238 ||| READING scroll labelled IWNEM ESSIG.
  4239 | D:5      | 4239 ||| READING scroll labelled VEASME JIKAZOTT.
  4242 | D:5      | 4242 ||| READING 2 scrolls of identify.
  4242 | D:5      | 4242 ||| IDENTIFYING sapphire potion
  4287 | D:6      | Found a runed translucent door.
  4288 | D:6      | Noticed Crazy Yiuf
  4316 | D:6      | Reached skill level 1 in Shields
  4460 | D:6      | Reached XP level 9. HP: 35/65 MP: 10/10
  4495 | D:6      | Found a staircase to the Ecumenical Temple.
  4502 | D:6      | 4502 ||| INVOKING Fiery Armour.
  4592 | D:6      | 4592 ||| Stepping ~*~*~tactically~*~*~ (hiding).
  4593 | D:6      | 4593 ||| Stepping ~*~*~tactically~*~*~ (hiding).
  5148 | D:6      | 5148 ||| UPGRADING to +0 plate armour.
  5158 | D:6      | 5158 ||| DROPPING +0 chain mail.
  5159 | D:6      | 5159 ||| UPGRADING to ring of resist corrosion.
  5160 | D:6      | 5160 ||| READING 2 scrolls of identify.
  5160 | D:6      | 5160 ||| IDENTIFYING fizzy dark potion
  5161 | D:6      | 5161 ||| DROPPING potion of magic.
  5230 | D:7      | 5230 ||| Stepping ~*~*~tactically~*~*~ (stealth).
  5231 | D:7      | 5231 ||| Stepping ~*~*~tactically~*~*~ (stealth).
  5254 | D:7      | Reached skill level 3 in Armour
  5288 | D:7      | Reached skill level 9 in Axes
  5314 | D:7      | 5314 ||| Stepping ~*~*~tactically~*~*~ (hiding).
  5349 | D:7      | Reached skill level 3 in Shields
  5433 | D:7      | 5433 ||| Stepping ~*~*~tactically~*~*~ (hiding).
  5450 | D:7      | Reached skill level 6 in Fighting
  5565 | D:7      | 5565 ||| Stepping ~*~*~tactically~*~*~ (stealth).
  5566 | D:7      | 5566 ||| Stepping ~*~*~tactically~*~*~ (stealth).
  5644 | D:7      | 5644 ||| Stepping ~*~*~tactically~*~*~ (hiding).
  5649 | D:7      | Noticed Prince Ribbit
  5650 | D:7      | 5650 ||| INVOKING Fiery Armour.
  5670 | D:7      | Killed Prince Ribbit
  5864 | D:7      | 5864 ||| READING 2 scrolls of identify.
  5864 | D:7      | 5864 ||| IDENTIFYING silvery potion
  5865 | D:7      | 5865 ||| DROPPING potion of degeneration.
  5919 | D:8      | 5919 ||| Stepping ~*~*~tactically~*~*~ (hiding).
  6034 | D:8      | Found a large runed translucent door.
  6035 | D:8      | Found a large runed translucent door.
  6152 | D:8      | Noticed Erica
  6153 | D:8      | 6153 ||| DRINKING 7 potions of curing.
  6153 | D:8      | 6153 ||| (to cure confusion)
  6155 | D:8      | 6155 ||| INVOKING Fiery Armour.
  6159 | D:8      | Killed Erica
  6160 | D:8      | Reached skill level 10 in Axes
  6160 | D:8      | Gained mutation: You are completely covered in sharp
                  | spines. [demonic ancestry]
  6160 | D:8      | Reached XP level 10. HP: 47/76 MP: 11/11
  6308 | D:8      | Found a stormy altar of Qazlal.
  6626 | D:8      | 6626 ||| DROPPING amulet of guardian spirit.
  6627 | D:8      | 6627 ||| UPGRADING to +6 ring of strength.
  6628 | D:8      | 6628 ||| READING scroll labelled YCOMORR RIVUPYWN.
  6629 | D:8      | 6629 ||| READING 2 scrolls of identify.
  6629 | D:8      | 6629 ||| IDENTIFYING murky clear potion
  6630 | D:8      | 6630 ||| DROPPING potion of berserk rage.
  6706 | D:9      | 6706 ||| Stepping ~*~*~tactically~*~*~ (stealth).
  6708 | D:9      | 6708 ||| Stepping ~*~*~tactically~*~*~ (hiding).
  6709 | D:9      | 6709 ||| Stepping ~*~*~tactically~*~*~ (hiding).
  6710 | D:9      | 6710 ||| Stepping ~*~*~tactically~*~*~ (hiding).
  6752 | D:9      | Noticed a centaur warrior
  6759 | D:9      | 6759 ||| INVOKING Fiery Armour.
  6760 | D:9      | Killed a centaur warrior
  6761 | D:9      | Reached skill level 3 in Dodging
  6846 | D:9      | Found a transporter.
  6852 | D:9      | Noticed an ice statue
  6857 | D:9      | Noticed qw's ghost (novice MiFi)
  6857 | D:9      | Noticed a purple ugly thing
  6859 | D:9      | Found a transporter.
  6860 | D:9      | Noticed a two-headed ogre
  6864 | D:9      | 6864 ||| Stepping ~*~*~tactically~*~*~ (stealth).
  6866 | D:9      | 6866 ||| Stepping ~*~*~tactically~*~*~ (stealth).
  6998 | D:9      | 6998 ||| DRINKING 7 potions of curing.
  6998 | D:9      | 6998 ||| (to cure confusion)
  7232 | D:9      | 7232 ||| READING scroll of enchant weapon.
  7232 | D:9      | 7232 ||| ENCHANTING +1 spectral war axe.
  7360 | D:9      | Noticed a two-headed ogre
  7361 | D:9      | 7361 ||| Stepping ~*~*~tactically~*~*~ (stealth).
  7365 | D:9      | Killed a two-headed ogre
  7366 | D:9      | Reached skill level 11 in Axes
  7423 | D:9      | 7423 ||| UPGRADING to +2 kite shield.
  7433 | D:9      | 7433 ||| DROPPING +0 buckler.
  7434 | D:9      | 7434 ||| UPGRADING to +0 pair of boots.
  7439 | D:9      | 7439 ||| DRINKING 2 red potions.
  7440 | D:9      | 7440 ||| DROPPING potion of attraction.
  7453 | D:10     | Entered Level 10 of the Dungeon
  7454 | D:10     | 7454 ||| STAIRDANCE
  7465 | D:10     | 7465 ||| STAIRDANCE
  7530 | D:10     | 7530 ||| INVOKING Fiery Armour.
  7532 | D:10     | 7532 ||| Stepping ~*~*~tactically~*~*~ (hiding).
  7533 | D:10     | 7533 ||| Stepping ~*~*~tactically~*~*~ (hiding).
  7550 | D:10     | Found a staircase to the Orcish Mines.
  7552 | D:10     | 7552 ||| Stepping ~*~*~tactically~*~*~ (stealth).
  7553 | D:10     | 7553 ||| FLEEEEING.
  7554 | D:10     | 7554 ||| FLEEEEING.
  7555 | D:10     | 7555 ||| FLEEEEING.
  7556 | D:10     | 7556 ||| FLEEEEING.
  7557 | D:10     | 7557 ||| FLEEEEING.
  7558 | D:10     | 7558 ||| FLEEEEING.
  7559 | D:10     | 7559 ||| FLEEEEING.
  7573 | D:10     | Gained mutation: You are partially covered in thin metallic
                  | scales. (AC +2) [demonic ancestry]
  7573 | D:10     | Reached XP level 11. HP: 83/84 MP: 12/12
  7591 | D:10     | 7591 ||| FLEEEEING.
  7592 | D:10     | 7592 ||| FLEEEEING.
  7593 | D:10     | 7593 ||| FLEEEEING.
  7594 | D:10     | 7594 ||| FLEEEEING.
  7595 | D:10     | 7595 ||| FLEEEEING.
  7596 | D:10     | 7596 ||| FLEEEEING.
  7597 | D:10     | 7597 ||| FLEEEEING.
  7598 | D:10     | 7598 ||| FLEEEEING.
  7599 | D:10     | 7599 ||| FLEEEEING.
  7600 | D:10     | 7600 ||| FLEEEEING.
  7601 | D:10     | 7601 ||| FLEEEEING.
  7602 | D:10     | 7602 ||| FLEEEEING.
  7625 | D:10     | 7625 ||| Stepping ~*~*~tactically~*~*~ (stealth).
  7763 | D:10     | Noticed a centaur warrior
  7764 | D:10     | 7764 ||| Stepping ~*~*~tactically~*~*~ (hiding).
  7767 | D:10     | Noticed a centaur warrior
  7768 | D:10     | 7768 ||| Stepping ~*~*~tactically~*~*~ (hiding).
  7772 | D:10     | Killed a centaur warrior
  7773 | D:10     | Reached skill level 6 in Shields
  7782 | D:10     | Noticed a two-headed ogre
  7783 | D:10     | 7783 ||| INVOKING Fiery Armour.
  7787 | D:10     | Killed a centaur warrior
  7790 | D:10     | 7790 ||| Stepping ~*~*~tactically~*~*~ (stealth).
  7791 | D:10     | Killed a two-headed ogre
  7800 | D:10     | Noticed a six-headed hydra
  7801 | D:10     | 7801 ||| Stepping ~*~*~tactically~*~*~ (stealth).
  7815 | D:10     | 7815 ||| SWAPPING to -1 hand axe of flaming.
  7820 | D:10     | HP: 15/84 [five-headed hydra (11)]
  7820 | D:10     | HP: 5/84 [five-headed hydra (10)]
  7821 | D:10     | 7821 ||| READING 3 scrolls of teleportation.
  7821 | D:10     | Killed a five-headed hydra
  7822 | D:10     | 7822 ||| SWAPPING to +2 spectral war axe.
  7926 | D:10     | Noticed a boulder beetle
  7927 | D:10     | 7927 ||| INVOKING Fiery Armour.
  7948 | D:10     | Killed a boulder beetle
  7999 | D:10     | 7999 ||| Stepping ~*~*~tactically~*~*~ (stealth).
  8055 | D:10     | Noticed a white ugly thing
  8056 | D:10     | Noticed a purple ugly thing
  8059 | D:10     | Noticed a purple ugly thing
  8062 | D:10     | Killed a purple ugly thing
  8071 | D:10     | Killed a cyan ugly thing
  8071 | D:10     | Killed a cyan ugly thing
  8117 | D:10     | 8117 ||| Stepping ~*~*~tactically~*~*~ (stealth).
  8173 | D:10     | Noticed a two-headed ogre
  8180 | D:10     | Killed a two-headed ogre
  8473 | D:10     | Found a staircase to the Lair.
  8591 | D:10     | 8591 ||| SWAPPING to +0 broad axe.
  8592 | D:10     | 8592 ||| DROPPING +2 spectral war axe.
  8593 | D:10     | 8593 ||| READING 4 scrolls of brand weapon.
  8593 | D:10     | 8593 ||| BRANDING +0 broad axe.
  8594 | D:10     | 8594 ||| READING 3 scrolls of brand weapon.
  8594 | D:10     | 8594 ||| BRANDING +0 broad axe of chaos.
  8595 | D:10     | 8595 ||| READING 2 scrolls of brand weapon.
  8595 | D:10     | 8595 ||| BRANDING +0 broad axe of venom.
  8596 | D:10     | 8596 ||| READING scroll of brand weapon.
  8596 | D:10     | 8596 ||| BRANDING +0 vorpal broad axe.
  8634 | D:10     | 8634 ||| PLANNING LAIR
  8634 | D:10     | 8634 ||| UPGRADING to +3 chain mail of fire resistance.
  8644 | D:10     | 8644 ||| UPGRADING to +0 pair of gloves.
  8649 | D:10     | 8649 ||| UPGRADING to ring of willpower.
  8651 | D:10     | 8651 ||| READING scroll labelled KUDDESCHAASO.
  8752 | D:10     | 8752 ||| READING 3 scrolls of identify.
  8752 | D:10     | 8752 ||| IDENTIFYING green potion
  8753 | D:10     | 8753 ||| DROPPING potion of brilliance.
  8762 | Lair:1   | Entered Level 1 of the Lair of Beasts
  8769 | Lair:1   | 8769 ||| INVOKING Fiery Armour.
  8872 | Lair:1   | 8872 ||| Stepping ~*~*~tactically~*~*~ (stealth).
  8876 | Lair:1   | 8876 ||| Stepping ~*~*~tactically~*~*~ (stealth).
  8878 | Lair:1   | 8878 ||| Stepping ~*~*~tactically~*~*~ (stealth).
  8883 | Lair:1   | Reached XP level 12. HP: 77/94 MP: 13/13
  8888 | Lair:1   | Reached skill level 12 in Axes
  8941 | Lair:1   | 8941 ||| PLANNING TEMPLE
  9077 | Temple   | Entered the Ecumenical Temple
  9111 | Temple   | 9111 ||| PLANNING CONVERSION TO OKAWARU
  9116 | Temple   | Fell from the grace of Ignis
  9116 | Temple   | Became a worshipper of Warmaster Okawaru
  9117 | Temple   | 9117 ||| PLANNING LAIR
  9380 | Lair:1   | Reached skill level 9 in Shields
  9451 | Lair:1   | Noticed Sonja
  9461 | Lair:1   | Killed Sonja
  9461 | Lair:1   | Reached * piety under Okawaru
  9518 | Lair:1   | 9518 ||| INVOKING Heroism.
  9525 | Lair:1   | Reached skill level 1 in Invocations
  9562 | Lair:1   | Identified the +7 morningstar of the Shark {freeze, *Rage
                  | *Corrode rElec rN+++}
  9895 | Lair:2   | 9895 ||| INVOKING Heroism.
  9897 | Lair:2   | Found a staircase to the Snake Pit.
  9904 | Lair:2   | 9904 ||| DRINKING potion of cancellation.
  9911 | Lair:2   | Reached skill level 3 in Invocations
 10067 | Lair:2   | 10067 ||| INVOKING Heroism.
 10090 | Lair:2   | 10090 ||| INVOKING Heroism.
 10137 | Lair:2   | 10137 ||| Stepping ~*~*~tactically~*~*~ (stealth).
 10139 | Lair:2   | 10139 ||| Stepping ~*~*~tactically~*~*~ (stealth).
 10146 | Lair:2   | 10146 ||| Stepping ~*~*~tactically~*~*~ (stealth).
 10156 | Lair:2   | 10156 ||| Stepping ~*~*~tactically~*~*~ (stealth).
 10159 | Lair:2   | 10159 ||| Stepping ~*~*~tactically~*~*~ (stealth).
 10164 | Lair:2   | Reached skill level 13 in Axes
 10318 | Lair:2   | Reached ** piety under Okawaru
 10541 | Lair:2   | 10541 ||| DROPPING amulet of the acrobat.
 10562 | Lair:3   | 10562 ||| INVOKING Heroism.
 10563 | Lair:3   | 10563 ||| STAIRDANCE
 10571 | Lair:2   | Reached skill level 9 in Fighting
 10656 | Lair:3   | 10656 ||| Stepping ~*~*~tactically~*~*~ (stealth).
 10722 | Lair:3   | 10722 ||| INVOKING Heroism.
 10788 | Lair:3   | 10788 ||| Stepping ~*~*~tactically~*~*~ (stealth).
 10876 | Lair:3   | 10876 ||| INVOKING Heroism.
 10953 | Lair:3   | 10953 ||| INVOKING Heroism.
 10954 | Lair:3   | 10954 ||| Stepping ~*~*~tactically~*~*~ (stealth).
 10964 | Lair:3   | HP: 20/95 [tyrant leech (22)]
 10965 | Lair:3   | 10965 ||| READING 5 scrolls of teleportation.
 10966 | Lair:3   | 10966 ||| DRINKING 6 potions of heal wounds.
 10979 | Lair:3   | 10979 ||| INVOKING Heroism.
 11032 | Lair:3   | Reached *** piety under Okawaru
 11033 | Lair:3   | Reached skill level 14 in Axes
 11096 | Lair:3   | 11096 ||| Stepping ~*~*~tactically~*~*~ (stealth).
 11098 | Lair:3   | 11098 ||| Stepping ~*~*~tactically~*~*~ (stealth).
 11100 | Lair:3   | 11100 ||| Stepping ~*~*~tactically~*~*~ (stealth).
 11169 | Lair:3   | 11169 ||| Stepping ~*~*~tactically~*~*~ (stealth).
 11200 | Lair:3   | 11200 ||| INVOKING Heroism.
 11259 | Lair:3   | 11259 ||| INVOKING Heroism.
 11407 | Lair:3   | 11407 ||| INVOKING Heroism.
 11412 | Lair:3   | Reached skill level 6 in Armour
 11412 | Lair:3   | Gained mutation: You are mostly covered in thin metallic
                  | scales. (AC +3) [demonic ancestry]
 11412 | Lair:3   | Reached XP level 13. HP: 38/101 MP: 13/16
 11473 | Lair:3   | 11473 ||| INVOKING Heroism.
 11475 | Lair:3   | 11475 ||| Stepping ~*~*~tactically~*~*~ (hiding).
 11524 | Lair:3   | You fall into a shaft and drop 2 floors!
 11524 | Lair:5   | Entered Level 5 of the Lair of Beasts
 11525 | Lair:5   | 11525 ||| INVOKING Heroism.
 11526 | Lair:5   | 11526 ||| SWAPPING to -1 hand axe of flaming.
 11536 | Lair:5   | 11536 ||| SWAPPING to +0 broad axe of venom.
 11586 | Lair:5   | 11586 ||| DRINKING 9 potions of curing.
 11586 | Lair:5   | 11586 ||| (to cure confusion)
 11592 | Lair:5   | 11592 ||| INVOKING Heroism.
 11736 | Lair:5   | 11736 ||| INVOKING Heroism.
 11736 | Lair:5   | Noticed Snorg
 11740 | Lair:5   | 11740 ||| SWAPPING to -1 hand axe of flaming.
 11750 | Lair:5   | 11750 ||| SWAPPING to +0 broad axe of venom.
 11753 | Lair:5   | HP: 22/101 [elephant (9)]
 11754 | Lair:5   | 11754 ||| READING 4 scrolls of teleportation.
 11754 | Lair:5   | HP: 3/101 [Snorg (19)]
 11754 | Lair:5   | Demolished by Snorg

Levels and vault maps discovered:
D:1:      dpeg_arrival_rooms_c, layout_loops_ring,
          hellmonk_ecumenical_altar_lost_god
D:2:      layout_basic
D:3:      layout_basic, nzn_wu_jian_contemplation, st_stairs_11,
          amcnicky_mini_pool_small, uniq_ijyb
D:4:      layout_rooms, serial_shops, kennysheep_little_box,
          corexii_checkpoint_b
D:5:      layout_basic, minmay_misc_feat_more_columns, minmay_strange_pillars,
          uniq_pikel, uniq_edmund, uniq_sigmund
D:6:      layout_loops_ring, minmay_temple_entry_water_ring,
          nrook_loot_triangle, uniq_crazy_yiuf_cottage
D:7:      layout_loops_ring, uniq_prince_ribbit1
D:8:      layout_loops_ring, nicolae_overflow_crystal_walls,
          jmf_multi_god_temple2, uniq_erica
D:9:      layout_irregular_city, amcnicky_altar_gilded, nzn_ghost_randoct
D:10:     layout_roguey, grunt_lair_entry_orc_guard_hut, david_orc_5,
          minmay_shattered_shrine
Temple:   nicolae_temple_bog_church
Lair:1:   layout_chaotic_city, fungi_pond_lemuel, uniq_sonja
Lair:2:   layout_roguey, guppyfry_snake_entry_island, lemuel_fruit_fields
Lair:3:   layout_roguey, minmay_swamp_entry_worms
Lair:5:   cheibrodos_lair_end_hotspot, layout_regular_city,
          dpeg_slime_entry_corner, uniq_snorg

Skill      XL: |  1  2  3  4  5  6  7  8  9 10 11 12 |
---------------+-------------------------------------+-----
Axes           | 3 4 5 6 7 8 10 11 14 | 14.0
Armour         | 1 2 4 5 6 |  6.0
Dodging        | 1 3 |  3.5
Throwing       | 1 5 |  5.0
Fighting       | 4 5 6 7 8 9 |  9.4
Shields        | 2 3 5 8 9 |  9.7
Invocations    | 4 |  4.0
Spellcasting   | |  1.0
Fire Magic     | |  2.6

Action                   |  1- 3 |  4- 6 |  7- 9 | 10-12 | 13-15 || total
-------------------------+-------+-------+-------+-------+-------++-------
Melee: Hand axe          |    40 |       |       |     3 |    17 ||    60
       War axe           |    38 |    51 |   126 |   178 |       ||   393
       Punch             |     1 |       |       |       |       ||     1
       Broad axe         |       |       |       |   277 |    62 ||   339
Throw: Javelin           |       |    11 |    21 |     2 |       ||    34
       Boomerang         |       |     7 |    22 |    39 |       ||    68
Invok: Fiery Armour      |     2 |     1 |     4 |     5 |       ||    12
       Heroism           |       |       |       |    12 |     4 ||    16
  Use: Scroll            |     5 |     5 |     9 |    11 |     1 ||    31
       Potion            |     3 |     2 |     1 |     4 |     1 ||    11
 Stab: Distracted        |       |       |     3 |     1 |       ||     4
Armor: Robe              |    10 |       |       |       |       ||    10
       Scale mail        |     2 |     5 |       |       |       ||     7
       Chain mail        |       |     6 |    35 |   111 |    42 ||   194
       Plate armour      |       |       |    12 |    75 |       ||    87
Dodge: Dodged            |    31 |    19 |    27 |   119 |    19 ||   215
Block: Buckler           |       |       |     8 |    11 |       ||    19
       Kite shield       |       |       |       |   244 |    59 ||   303

Table legend:
 A = Non-vault XP
 B = Vault XP
 C = Vault XP percentage of total XP
 D = Non-vault monster count
 E = Vault monster count
 F = Vault count percentage of total count
                 A         B        C        D         E       F
            +---------+---------+-------+---------+---------+-------
      Total |   30232 |   12713 |  29.6 |     264 |      61 |  18.8
            +---------+---------+-------+---------+---------+-------
        D:1 |      42 |       0 |   0.0 |      24 |       0 |   0.0
        D:2 |      31 |       0 |   0.0 |      11 |       0 |   0.0
        D:3 |     262 |      23 |   8.1 |      28 |       3 |   9.7
        D:4 |     421 |       5 |   1.2 |      12 |       2 |  14.3
        D:5 |     726 |    1072 |  59.6 |      25 |       3 |  10.7
        D:6 |     869 |       0 |   0.0 |      14 |       0 |   0.0
        D:7 |     985 |     274 |  21.8 |      20 |       1 |   4.8
        D:8 |    1069 |     813 |  43.2 |      15 |       1 |   6.2
        D:9 |    3261 |       0 |   0.0 |      23 |       0 |   0.0
       D:10 |    3376 |    8094 |  70.6 |      22 |      42 |  65.6
     Lair:1 |    4502 |     782 |  14.8 |      12 |       1 |   7.7
     Lair:2 |    4536 |     498 |   9.9 |      20 |       3 |  13.0
     Lair:3 |    5875 |    1152 |  16.4 |      27 |       5 |  15.6
     Lair:5 |    4277 |       0 |   0.0 |      11 |       0 |   0.0
            +---------+---------+-------+---------+---------+-------
